AoeStats
← calvinklein0115

Coastal Forest

503624201Analyzed
4v4 RM · 1mo ago on Sep 1, 2026· 46m 25s· 8 players
Game mode
Random Map
Map size
Large (8 player)
Population
200
Speed
Normal
Resources
Standard
Victory
Conquest
Starting age
Dark Age
Ending age
Imperial Age
RankedLock teamsTeams togetherTeam positionsShared explorationLock speedFull tech treeHidden civsTurbo modeCheats
Victory
Defeat
🇨🇿 Huns · Czechia
919
+14
🇹🇼 Celts · Taiwan
873
+16
🇨🇳 Hindustanis · China
873
+16
🇨🇴 Gurjaras · Colombia
870
+16
🇮🇳 Ethiopians · India
935
-18
🇭🇺 Muisca · Hungary
928
-18
🇨🇳 Mongols · China
817
-13
🇹🇼 Spanish · Taiwan
815
-13
small650305
10:45 Feudal Age
9:15 Loom
11:43 Double-Bit Axe
14:59 Horse Collar
20:30 Castle Age
21:26 Bow Saw
22:48 Scale Barding Armor
22:54 Gold Mining
27:32 Forging
27:58 Husbandry
30:47 Chain Barding Armor
30:56 Town Watch
31:47 Wheelbarrow
35:43 Imperial Age
34:40 Iron Casting
34:06 Scale Mail Armor
34:34 Hand Cart
35:18 Fletching
36:33 Stone Mining
37:19 Gold Shaft Mining
38:45 Conscription
38:18 Stronghold
38:18 Gambesons
38:19 Arson
39:38 Blast Furnace
38:54 Chain Mail Armor
39:14 Treadmill Crane
39:45 Masonry
39:41 Siege Engineers
40:55 Caravan
40:56 Elite Woad Raider
42:00 Town Patrol
43:14 Plate Mail Armor
45:44 Furor Celtica
救救我吧
11:05 Feudal Age
12:26 Double-Bit Axe
15:12 Castle Age
13:40 Horse Collar
14:25 Loom
24:08 Bow Saw
25:41 Wheelbarrow
25:15 Heavy Plow
27:39 Grand Trunk Road
31:31 Imperial Age
29:28 Scale Barding Armor
31:23 Chain Barding Armor
32:41 Hand Cart
32:11 Town Watch
32:51 Conscription
32:41 Shatagni
32:49 Husbandry
34:02 Plate Barding Armor
33:44 Bloodlines
33:59 Forging
35:13 Chemistry
34:06 Heavy Camel Rider
35:30 Imperial Camel Rider
36:52 Iron Casting
36:15 Fletching
36:25 Padded Archer Armor
37:17 Town Patrol
38:39 Blast Furnace
39:04 Leather Archer Armor
38:45 Bodkin Arrow
39:15 Thumb Ring
39:45 Ballistics
40:17 Devotion
43:21 Ring Archer Armor
42:51 Bracer
Deadshot
10:00 Loom
12:51 Feudal Age
13:45 Fishing Lines
16:27 Castle Age
14:20 Gold Mining
15:32 Double-Bit Axe
16:46 Fletching
19:42 Bow Saw
19:45 Stone Mining
20:46 Wheelbarrow
20:26 Bodkin Arrow
20:32 Padded Archer Armor
22:16 Husbandry
23:36 Gold Shaft Mining
24:42 Ballistics
24:41 Leather Archer Armor
25:01 Horse Collar
28:36 Bloodlines
31:22 Imperial Age
30:09 Hand Cart
29:40 Town Watch
32:40 Bracer
33:29 Conscription
33:46 Scale Barding Armor
35:50 Parthian Tactics
35:40 Forging
35:52 Chain Barding Armor
35:48 Heavy Plow
37:49 Heavy Cavalry Archer
38:27 Capped Ram
39:14 Marauders
39:30 Gillnets
39:45 Town Patrol
40:52 Plate Barding Armor
40:53 Iron Casting
42:20 Light Cavalry
43:52 Siege Ram
47:06 Blast Furnace
46:11 Murder Holes
46:27 Masonry
Adrian villa
12:44 Feudal Age
11:42 Loom
17:08 Castle Age
15:07 Double-Bit Axe
15:06 Horse Collar
18:21 Wheelbarrow
18:11 Bow Saw
18:04 Heavy Plow
30:19 Imperial Age
27:43 Fletching
27:53 Padded Archer Armor
29:27 Leather Archer Armor
29:07 Bodkin Arrow
30:42 Ballistics
31:06 Thumb Ring
30:29 Elite Elephant Archer
31:43 Bracer
32:53 Chemistry
32:42 Gold Mining
34:46 Gold Shaft Mining
35:46 Crossbowman
35:46 Crossbowman
35:47 Crossbowman
35:47 Crossbowman
35:47 Crossbowman
36:40 Elite Skirmisher
43:37 Scale Mail Armor
43:48 Forging
43:45 Scale Barding Armor
43:03 Heavy Camel Rider
43:44 Husbandry
43:55 Bloodlines
44:09 Elite Shrivamsha Rider
45:53 Iron Casting
45:33 Chain Mail Armor
1222321
3:25 Loom
madmonk08
0:27 Loom
13:48 Feudal Age
15:02 Fishing Lines
16:04 Wheelbarrow
15:15 Town Watch
16:08 Double-Bit Axe
18:55 Gold Mining
23:00 Castle Age
22:35 Fletching
22:56 Forging
22:47 Scale Mail Armor
22:47 Padded Archer Armor
22:54 Scale Barding Armor
23:58 Hand Cart
24:03 Bow Saw
23:47 Gillnets
26:37 Iron Casting
26:59 Medium Warships
27:36 Gold Shaft Mining
27:40 Elite Skirmisher
31:13 Bodkin Arrow
31:34 Leather Archer Armor
32:37 Thumb Ring
37:06 Imperial Age
35:41 Town Patrol
36:00 Chain Mail Armor
35:48 Royal Heirs
36:17 Crossbowman
38:45 Conscription
a20th_
10:33 Feudal Age
17:43 Castle Age
16:23 Double-Bit Axe
16:45 Horse Collar
18:17 Forging
18:07 Scale Mail Armor
19:31 Heavy Plow
20:16 Bow Saw
21:19 Wheelbarrow
21:57 Stone Mining
27:09 Hand Cart
27:36 Stone Shaft Mining
26:58 Gold Mining
27:25 Loom
31:26 Imperial Age
28:28 Champi Runner
29:09 Squires
29:26 Pikeman
29:57 Town Watch
30:58 Gold Shaft Mining
30:18 Fletching
30:29 Padded Archer Armor
31:06 Iron Casting
30:46 Chain Mail Armor
31:10 Crossbowman
31:56 Thumb Ring
32:02 Arbalester
33:43 Bodkin Arrow
34:03 Leather Archer Armor
34:38 Block Printing
35:06 Conscription
34:38 Champi Warrior
35:24 Bracer
35:48 Ballistics
35:43 Masonry
35:29 Murder Holes
35:55 Ballistics
36:12 Sanctity
36:07 Fervor
37:54 Elite Champi Warrior
39:08 Plate Mail Armor
41:08 Illumination
calvinklein0115
5:12 Loom
15:17 Feudal Age
16:25 Double-Bit Axe
20:50 Castle Age
18:55 Stone Mining
19:26 Horse Collar
21:05 Gold Mining
24:35 Heavy Plow
25:08 Bow Saw
27:57 Stone Shaft Mining
29:14 Wheelbarrow
28:35 Pikeman
30:10 Squires
30:12 Town Watch
32:43 Hand Cart
32:52 Gambesons
33:23 Bloodlines
37:09 Imperial Age
34:48 Fletching
35:08 Forging
35:00 Padded Archer Armor
35:13 Husbandry
34:34 Light Cavalry
35:17 Scale Mail Armor
36:03 Bodkin Arrow
37:12 Onager
37:40 Halberdier
44:47 Bracer
Connection lost

Rejoining the realm…

Still unreachable

The connection could not be restored.

Session expired

The server has moved on; the page needs a fresh start.